 Dungeon Crawl Stone Soup version 0.30-a0-800-g7c544603b3 (webtiles) character file.

Game seed: 5988497445711292368

31 sircluck the Covert (level 3, 0/19 HPs)
             Began as a Spriggan Delver on Feb 22, 2023.
             Succumbed to a water moccasin's poison
             ... on level 5 of the Dungeon.
             The game lasted 00:01:56 (160 turns).

sircluck the Covert (Spriggan Delver)                Turns: 160, Time: 00:01:57

Health: 0/19       AC:  2    Str:  8    XL:     3   Next: 7%
Magic:  4/4        EV: 18    Int: 11    God:
Gold:   0          SH:  0    Dex: 18    Spells: 2/2 levels left

rFire   . . .      SeeInvis +    a - +0 short sword
rCold   . . .      Faith    .    (no shield)
rNeg    . . .      Spirit   .    b - +0 robe
rPois   .          Reflect  .    (helmet restricted)
rElec   .          Harm     .    (no cloak)
rCorr   .          Rampage  .    (gloves unavailable)
Will    .....                    (boots unavailable)
Stlth   ++++                     (no amulet)
HPRegen 0.23/turn                (no ring)
MPRegen 0.09/turn                (no ring)

@: lethally poisoned (0 -> -2), marked, very quick
A: very small, no large weapons, unfitting armour, see invisible, speed 3
a: no special abilities


You were on level 5 of the Dungeon.
You visited 1 branch of the dungeon, and saw 3 of its levels.

Inventory:

Hand Weapons
 a - a +0 short sword (weapon)
Armour
 b - a +0 robe (worn)
 h - a scarf of resistance
Wands
 g - a wand of digging (3)
Scrolls
 c - a scroll of fog
 d - a scroll of magic mapping


   Skills:
 + Level 2.6 Fighting
 + Level 2.2 Short Blades
 + Level 2.8 Dodging
 + Level 8.3 Stealth


You had 2 spell levels left.
You didn't know any spells.
Your spell library was empty.

Dungeon Overview and Level Annotations

Branches:
Dungeon (7/15)
 Temple: D:4-7

Altars:

Annotations:
D:5 Prince Ribbit
D:6 Pikel, Sigmund


Innate Abilities, Weirdness & Mutations

You are very small and have problems with some larger weapons.
You are too small for most types of armour.
You have supernaturally acute eyesight. (SInv)
You cover ground extremely quickly. (Speed+++)


Message History

The water moccasin bites you.
You are poisoned.
The water moccasin poisons you! The adder misses you.
You barely miss the water moccasin.
The water moccasin is moderately wounded.
You feel very sick.
The water moccasin completely misses you.
The adder completely misses you.
You hit the water moccasin.
The water moccasin is moderately wounded.
You feel sick. The water moccasin barely misses you. The adder bites you.
You closely miss the water moccasin.
The water moccasin is moderately wounded.
Your extra speed is starting to run out.
You feel sick.
The water moccasin bites you but does no damage.
The adder misses you.
You hit the water moccasin.
The water moccasin is heavily wounded.
* * * LOW HITPOINT WARNING * * *
You feel sick.
As you read the scroll labelled LOOMON LAISKUNT, it crumbles to dust.
You hear a loud clanging noise!
It was a scroll of noise.
* * * LOW HITPOINT WARNING * * *
You feel sick.
You hear a croak.
You hear an angry hiss.
You hear a shout! x3
The water moccasin barely misses you. The adder completely misses you.
Prince Ribbit comes into view.
* * * LOW HITPOINT WARNING * * *
You feel sick.
* * * LOW HITPOINT WARNING * * *
You feel sick.
* * * LOW HITPOINT WARNING * * *
You feel sick.
Found an emerald potion.
You feel yourself slow down.
* * * LOW HITPOINT WARNING * * *
You feel sick.
You die...

######..#
..F......#
.#######S#
#S# #.#
#.# #.#
#.# #@#
#.# #.#
#.# #.#
#!# #.#
#.#


You could see a water moccasin and an adder.

Vanquished Creatures
  A hound (D:6)
  An orc (D:7)
2 creatures vanquished.

Notes
Turn   | Place    | Note
-------+----------+-------------------------------------------
     0 | D:5      | sircluck the Spriggan Delver began the quest for the Orb.
     0 | D:5      | Reached XP level 1. HP: 11/11 MP: 2/2
     1 | D:6      | Noticed a hound
     2 | D:6      | Killed a hound
     3 | D:6      | Reached skill level 8 in Stealth
     3 | D:6      | Reached XP level 2. HP: 16/16 MP: 3/3
     3 | D:6      | Reached XP level 3. HP: 19/19 MP: 4/4
    12 | D:6      | Noticed Sigmund
    18 | D:6      | Noticed a lemure
    26 | D:6      | Noticed a black bear
    37 | D:6      | Noticed Pikel
    37 | D:6      | Noticed a lemure
    37 | D:6      | Noticed a lemure
    38 | D:6      | Noticed a lemure
    65 | D:6      | Noticed an ice beast
    78 | D:7      | Noticed a wyvern
    86 | D:7      | Noticed a black bear
    86 | D:7      | Noticed a water moccasin
   103 | D:7      | Noticed a bullfrog
   121 | D:7      | Noticed a water moccasin
   123 | D:7      | Noticed a bullfrog
   126 | D:7      | Noticed a sky beast
   126 | D:7      | Noticed an orc warrior
   127 | D:7      | Noticed a manticore
   133 | D:6      | Noticed a necrophage
   152 | D:5      | Noticed Prince Ribbit
   160 | D:5      | Succumbed to a water moccasin's poison

Illustrated notes

Levels and vault maps discovered:
D:5:      layout_loops_ring, uniq_prince_ribbit1, uniq_menkaure,
          uniq_blork_the_orc
D:6:      layout_cave_pools, mainiacjoe_overflow_six_doors_small,
          nicolae_hepliaklqana_hippocampus, tso_oasis_becter,
          lemuel_temple_firewalk_b, ebering_ghost_rock_garden,
          grunt_ministairs_8, kennysheep_path_1, uniq_pikel, uniq_sigmund
D:7:      minmay_the_grid_octo_tiled_squarecenter [minmay_the_grid_octo_horde,
          minmay_the_grid_octo_checkered, minmay_the_grid_octo_teeth,
          minmay_the_grid_octo_clover_2,
          minmay_the_grid_square_5x5_megaprize_checkered,
          minmay_the_grid_square_5x5_moneybag,
          minmay_the_grid_square_5x5_spiral_small,
          minmay_the_grid_square_5x5_six, minmay_the_grid_square_5x5_n_small],
          layout_loops_cross, mainiacjoe_overflow_paths,
          dreamdust_princess_bridge

Skill      XL: |  1 |
---------------+----+-----
Stealth        | 8 |  8.3
Fighting       | |  2.6
Short Blades   | |  2.2
Dodging        | |  2.8

Action                     || total
---------------------------++-------
  Melee: Short sword       ||    11
    Use: Scroll            ||     2
         Potion            ||     1
   Stab: Sleeping          ||     1
 Armour: Robe              ||     5
  Dodge: Dodged            ||    30

Table legend: (Time is in decaauts)
 A = Elapsed time spent in this place.
 B = Non-inter-level travel time spent in this place.
 C = Inter-level travel time spent in this place.
 D = Time resting spent in this place.
 E = Time spent auto-exploring this place.
 F = Levels seen in this place.
 G = Mean time per level.
                   A        B        C        D        E       F      G
               +--------+--------+--------+--------+--------+-----+--------+
         Total |     91 |     91 |      0 |      0 |      0 |   3 |   30.3 |
       Dungeon |     91 |     91 |      0 |      0 |      0 |   3 |   30.3 |
               +--------+--------+--------+--------+--------+-----+--------+

Top non-repeatable levels by time:
     D:6: 48 daAuts
     D:7: 32 daAuts
     D:5: 11 daAuts
